AoeStats
← Zephyr.H

Arabia

510457618Analyzed
1v1 RM · 23h ago on Oct 1, 2026· 55m 42s· 2 players
Game mode
Random Map
Map size
Tiny (2 player)
Population
200
Speed
Normal
Resources
Standard
Victory
Conquest
Starting age
Dark Age
Ending age
Imperial Age
RankedLock teamsTeams togetherTeam positionsShared explorationLock speedFull tech treeHidden civsTurbo modeCheats
Victory
Defeat
🇨🇳 Ethiopians · China
671
+17
🇧🇷 Dravidians · Brazil
686
-17
Zephyr.H
0:38 Loom
13:01 Feudal Age
18:18 Castle Age
17:00 Double-Bit Axe
18:21 Crossbowman
20:05 Horse Collar
26:26 Gold Mining
26:27 Stone Mining
32:12 Heavy Plow
32:00 Town Watch
32:10 Fletching
33:00 Bow Saw
36:28 Wheelbarrow
40:03 Imperial Age
38:14 Bodkin Arrow
38:26 Scale Mail Armor
39:17 Ballistics
40:18 Fortified Wall
40:15 Padded Archer Armor
40:25 Forging
40:34 Chain Mail Armor
42:03 Chemistry
41:11 Onager
42:37 Conscription
43:55 Heavy Scorpion
44:47 Royal Heirs
44:58 Royal Heirs
44:48 Halberdier
47:00 Torsion Engines
48:13 Squires
47:59 Arson
49:11 Plate Mail Armor
50:05 Capped Ram
52:58 Elite Shotel Warrior
BELTRA
6:35 Loom
10:45 Feudal Age
12:58 Double-Bit Axe
12:55 Horse Collar
21:41 Castle Age
22:36 Elite Skirmisher
23:23 Thumb Ring
24:28 Pikeman
25:09 Squires
24:55 Gambesons
25:41 Padded Archer Armor
25:32 Fletching
25:45 Scale Mail Armor
26:09 Town Watch
29:40 Heavy Plow
31:11 Husbandry
32:03 Scale Barding Armor
31:36 Light Cavalry
33:14 Chain Barding Armor
33:11 Leather Archer Armor
36:36 Ballistics
37:01 Murder Holes
38:33 Wheelbarrow
38:02 Town Patrol
41:03 Imperial Age
39:56 Hand Cart
40:20 Bodkin Arrow
40:41 Chain Mail Armor
40:37 Forging
41:11 Medical Corps
41:27 Stone Mining
41:28 Gold Mining
42:23 Onager
43:17 Halberdier
44:47 Wootz Steel
45:40 Chemistry
46:02 Elite Elephant Archer
47:15 Bow Saw
47:25 Masonry
50:22 Siege Elephant
54:58 Plate Mail Armor
55:03 Iron Casting
54:29 Bracer
55:00 Ring Archer Armor
Connection lost

Rejoining the realm…

Still unreachable

The connection could not be restored.

Session expired

The server has moved on; the page needs a fresh start.